 Dungeon Crawl Stone Soup version 0.15-a0-1004-gbf4e2e6 (webtiles) character file.

281 Quh the Magician (level 6, 0/33 HPs)
             Began as a Deep Elf Wizard on May 25, 2014.
             Succumbed to a worker ant's poison
             ... on Level 3 of the Dungeon.
             The game lasted 00:17:40 (3626 turns).

Quh the Magician (Deep Elf Wizard)                  Turns: 3626, Time: 00:17:40

HP   0/33        AC  2     Str  6      XL: 6   Next:  6%
MP   1/21        EV 18     Int 23      God:
Gold 159         SH  0     Dex 18      Spells:  5 memorised,  5 levels left

rFire  . . .     SeeInvis .     (no weapon)
rCold  . . .     Clarity  +     i - +0 robe (curse)
rNeg   . . .     Conserve .     (no shield)
rPois  .         rCorr    .     b - +0 hat
rElec  .         rRot     .     (no cloak)
SustAb .         Spirit   .     (no gloves)
rMut   .         Warding  .     (no boots)
Gourm  .         Stasis   .     q - amulet of clarity
MR     .....                    (no ring)
                                (no ring)

@: repel missiles, agile, lethally poisoned, very slightly contaminated, hasted,
very quick, not resistant to hostile enchantments, fairly stealthy
A: no striking features
a: no special abilities


You were on level 3 of the Dungeon.
You were near starving.

You visited 2 branches of the dungeon, and saw 5 of its levels.

You collected 159 gold pieces.

Inventory:

Armour
 a - a +0 robe
 b - a +0 hat (worn)
 i - a cursed +0 robe (worn)
 p - a +0 robe
Comestibles
 d - 3 bread rations
 j - an orange
 k - a cheese
 m - a sausage
 o - 2 meat rations
 r - a pear
Scrolls
 f - a scroll of amnesia {unknown}
 h - a scroll of remove curse {unknown}
 l - a scroll of blinking
 t - a scroll of noise {unknown}
 w - a scroll of magic mapping {unknown}
 x - a scroll of enchant weapon II {unknown}
 A - a scroll of identify {unknown}
Jewellery
 q - an amulet of clarity (around neck)
Potions
 e - a potion of agility
 g - 2 potions of heal wounds {unknown}
 n - 2 potions of haste
 s - 2 potions of degeneration {unknown}
 u - a potion of flight {unknown}
 v - a potion of resistance {unknown}
 z - a potion of might {unknown}
Books
 c - a book of Minor Magic

   Spells                             Type                      Level
   *Magic Dart                        Conjuration                  1
   *Blink                             Translocation                2
   *Call Imp                          Summoning                    2
   *Repel Missiles                    Charms/Air                   2
   Slow                               Hexes                        2
   Conjure Flame                      Conjuration/Fire             3
   *Mephitic Cloud                    Conjuration/Poison/Air       3


   Skills:
 - Level 0.8 Fighting
 - Level 2.7 Dodging
 - Level 2.4 Stealth
 + Level 5.4 Spellcasting
 + Level 2.7 Conjurations
 + Level 2.4 Summonings
 - Level 2.3 Translocations
 * Level 2.8 Air Magic
 * Level 1.8 Poison Magic


You had 5 spell levels left.
You knew the following spells:

 Your Spells              Type           Power        Failure   Level  Hunger
a - Magic Dart            Conj           ###.         2%          1    None
b - Blink                 Tloc           N/A          6%          2    None
c - Call Imp              Summ           ###.....     6%          2    None
d - Repel Missiles        Chrm/Air       ##....       10%         2    None
e - Mephitic Cloud        Conj/Pois/Air  ###.....     12%         3    ##.....


Dungeon Overview and Level Annotations

Branches:
Dungeon (4/15)             Temple (1/1) D:4

Altars:
Ashenzari
Cheibriados
Dithmenos
Elyvilon
Fedhas
Gozag
Makhleb
Nemelex Xobeh
Okawaru
Qazlal
Trog
Xom
Yredelemnul
The Shining One


Message History

The worker ant is heavily wounded.
You feel sick. The worker ant closely misses you.
Your crimson imp hits the worker ant but does no damage.
The worker ant bites you.
* * * LOW HITPOINT WARNING * * *
* * * LOW HITPOINT WARNING * * *
You feel sick.
Your crimson imp hits the worker ant but does no damage.
The worker ant closely misses your crimson imp.
Your crimson imp barely misses the worker ant.
Drink which item? (? for menu, Esc to quit)
You feel yourself speed up.
It was a potion of haste.
The worker ant misses your crimson imp.
Your crimson imp shouts, "Over here!
I found it!"
Your crimson imp hits the worker ant.
You are very lightly contaminated with residual magic.
Drink which item? (? for menu, Esc to quit)
You feel agile all of a sudden.
It was a potion of agility.
You die...

#.....#####........#.....#####.#.
#.....# #....................#.
#.....# #........##.#######....
#.....# #........##..# #..#.
#.....# #........###.## #....
#.....# #....5...# #..# ####.##
#.....#####.....a..# ##.###......
.........##........# #..##.##.##
########.#......@..# ##.##.##.#
....####'#.........# #.##.##.##
...................#####..#.##.#.
...................#........##.#.
...........##......#.####..###.#.
...........##......#.####........
.##.####'####..........##...##.#.
.......#.# #..........##.#.##.#.
###.##.#.####........).##.#.##.#.


You could see a worker ant and a friendly crimson imp.

Vanquished Creatures
  A centaur (D:3)
  An orc wizard (D:4)
  A hound (D:4)
  A hound skeleton (D:4)
  5 gnolls
  4 adders
  A giant mite (D:3)
  5 giant geckos
  14 orcs
  4 bats
  4 giant cockroaches
  6 goblins
  5 hobgoblins
  6 jackals
  4 kobolds
  A ball python (D:3)
  2 giant newts
  5 rats
70 creatures vanquished.

Vanquished Creatures (collateral kills)
  An orc (D:4)
  A jackal (D:3)
  A bat (D:4)
  A giant newt (D:2)
  A goblin (D:4)
5 creatures vanquished.

Vanquished Creatures (others)
  3 crimson imps (D:4)
  A white imp (D:2)
4 creatures vanquished.

Grand Total: 79 creatures vanquished

Notes
Turn   | Place    | Note
--------------------------------------------------------------
     0 | D:1      | Quh, the Deep Elf Wizard, began the quest for the Orb.
     0 | D:1      | Reached XP level 1. HP: 10/10 MP: 6/6
   303 | D:1      | Reached XP level 2. HP: 15/15 MP: 5/10
   307 | D:1      | Learned a level 2 spell: Blink
   313 | D:1      | Learned a level 2 spell: Call Imp
   316 | D:1      | Learned a level 2 spell: Repel Missiles
  1019 | D:1      | Reached XP level 3. HP: 17/20 MP: 3/13
  1307 | D:2      | Learned a level 3 spell: Mephitic Cloud
  1319 | D:2      | Reached skill level 1 in Air Magic
  1642 | D:2      | Reached XP level 4. HP: 21/24 MP: 2/16
  1769 | D:2      | Found a white marble altar of Elyvilon.
  1770 | D:2      | Found a shattered altar of Ashenzari.
  1858 | D:3      | Noticed a centaur
  1868 | D:3      | Killed a centaur
  1868 | D:3      | Reached skill level 5 in Spellcasting
  1868 | D:3      | Reached skill level 1 in Poison Magic
  1868 | D:3      | Reached XP level 5. HP: 28/28 MP: 4/19
  3103 | D:4      | Found a staircase to the Ecumenical Temple.
  3108 | Temple   | Entered the Ecumenical Temple
  3319 | D:4      | Reached XP level 6. HP: 7/33 MP: 0/21
  3623 | D:3      | HP: 1/33 [poisoned by a worker ant]
  3626 | D:3      | Succumbed to a worker ant's poison

Action                   |  1- 3 |  4- 6 || total
-------------------------+-------+-------++-------
Melee: Unarmed           |     1 |       ||     1
 Cast: Magic Dart        |    96 |    85 ||   181
       Call Imp          |     4 |    10 ||    14
       Mephitic Cloud    |     2 |    14 ||    16
       Blink             |     2 |     3 ||     5
       Repel Missiles    |       |     1 ||     1
  Use: Scroll            |     1 |       ||     1
       Potion            |       |     2 ||     2
